MWL (24 & UNDER)
LEE'S SUMMIT TIGERS @ BEMIDJI BENDERS
10/02/2024
 
TOP OF THE 1ST
Lee's Summit Tigers batting - Pitching for Bemidji Benders : RHP David Nanod
Pitching: RHP David Nanod
Batting: LHB Ramiro Martínez 0-0: Ball
1-0: Swinging Strike
1-1: Ball
2-1: Ball
3-1: Called Strike
3-2: Base on Balls
Batting: LHB Bill Frazier 0-0: Swinging Strike
0-1: Ball
1-1: Ball
2-1: Ball
3-1: Called Strike
3-2: Base on Balls
Ramiro Martínez to second
Batting: RHB Norberto Taváres 0-0: Ball
1-0: Fly out, F7 (Line Drive, 78M)
Batting: RHB Desi Thompson 0-0: Called Strike
Ramiro Martínez steals 3rd base
Bill Frazier to second
0-1: Ball
1-1: Fly out, F7 (Flyball, 78M)
Runner from 3rd tags up, SCORES, no throw
Batting: LHB Alfredo Sánchez 0-0: Ball
1-0: Foul Ball, location: 2F
1-1: Swinging Strike
1-2: Strikes out swinging
Top of the 1st over - 1 run(s), 0 hit(s), 0 error(s), 1 left on base; Lee's Summit 1 - Bemidji 0
BOTTOM OF THE 1ST
Bemidji Benders batting - Pitching for Lee's Summit Tigers : RHP Jeff Valdés
Pitching: RHP Jeff Valdés
Batting: RHB Juan Costello 0-0: Ball
1-0: Ball
2-0: Called Strike
2-1: Ball
3-1: Base on Balls
Batting: RHB Jesse Nelson 0-0: Ball
Juan Costello is caught stealing 2nd base
1-0: Fly out, F8 (Flyball, 8RM)
Batting: SHB Bob Noble 0-0: Foul Ball, location: 2F
0-1: Fly out, F8 (Flyball, 8RS)
Bottom of the 1st over - 0 run(s), 0 hit(s), 0 error(s), 0 left on base; Lee's Summit 1 - Bemidji 0
TOP OF THE 2ND
Lee's Summit Tigers batting - Pitching for Bemidji Benders : RHP David Nanod
Batting: RHB Ed Watkins 0-0: Ball
1-0: SINGLE (Groundball, 6)
Batting: SHB Shane Hutchinson 0-0: Swinging Strike
0-1: Ball
1-1: Foul Ball, location: 2F
1-2: Ball
Ed Watkins steals 2nd base
2-2: Strikes out looking
Batting: LHB José López 0-0: Swinging Strike
0-1: Called Strike
0-2: Ball
1-2: Ball
2-2: Ball
3-2: Foul Ball, location: 2F
3-2: Base on Balls
Batting: RHB Sidney Ware 0-0: SINGLE (Line Drive, 7LS)
Ed Watkins to third
José López to second
Runner from 3rd tries for Home, SAFE, no throw or cutoff
Batting: LHB Ramiro Martínez 0-0: Ball
1-0: Foul Ball, location: 2F
1-1: Ball
2-1: Foul Ball, location: 2F
2-2: Foul Ball, location: 2F
2-2: Strikes out swinging
Batting: LHB Bill Frazier 0-0: Called Strike
0-1: Swinging Strike
0-2: Foul Ball, location: 2F
0-2: Strikes out looking
Top of the 2nd over - 1 run(s), 2 hit(s), 0 error(s), 2 left on base; Lee's Summit 2 - Bemidji 0
BOTTOM OF THE 2ND
Bemidji Benders batting - Pitching for Lee's Summit Tigers : RHP Jeff Valdés
Batting: RHB Júlio Valdés 0-0: Ball
1-0: Ball
2-0: Ground out 4-3 (Groundball, 4M)
Batting: LHB Tony O'Bryan 0-0: Ground out U3 (Groundball, 3L)
Batting: LHB Jesús Raugel 0-0: Ball
1-0: Ball
2-0: Ball
3-0: Called Strike
3-1: Base on Balls
Batting: RHB Gabriel Stout 0-0: Called Strike
0-1: Ball
1-1: Ball
2-1: Swinging Strike
2-2: Foul Ball, location: 2F
2-2: Ground out 5-3 (Groundball, 56)
Bottom of the 2nd over - 0 run(s), 0 hit(s), 0 error(s), 1 left on base; Lee's Summit 2 - Bemidji 0
TOP OF THE 3RD
Lee's Summit Tigers batting - Pitching for Bemidji Benders : RHP David Nanod
Batting: RHB Norberto Taváres 0-0: Called Strike
0-1: Ball
1-1: Swinging Strike
1-2: DOUBLE (Line Drive, 7LS)
Batting: RHB Desi Thompson 0-0: Ball
1-0: Ball
2-0: Ball
3-0: Base on Balls
Batting: LHB Alfredo Sánchez 0-0: Foul Ball, location: 2F
0-1: Ball
1-1: Called Strike
1-2: DOUBLE (Line Drive, 89XD)
Norberto Taváres scores
Desi Thompson to third
Batting: RHB Ed Watkins 0-0: Ball
1-0: Fly out, F8 (Flyball, 8LM)
Runner from 3rd tags up, SCORES, no throw
Batting: SHB Shane Hutchinson 0-0: Ball
1-0: Ball
2-0: Ball
3-0: Called Strike
3-1: Swinging Strike
3-2: Base on Balls
Batting: LHB José López 0-0: Called Strike
0-1: Ball
1-1: Ball
2-1: Ball
3-1: Foul Ball, location: 2F
3-2: Strikes out swinging
Batting: RHB Sidney Ware 0-0: Ball
1-0: Ball
2-0: Ball
3-0: Base on Balls
Alfredo Sánchez to third
Shane Hutchinson to second
Batting: LHB Ramiro Martínez 0-0: SINGLE (Flyball, 78M)
Alfredo Sánchez scores
Shane Hutchinson to third
Sidney Ware to second
Runner from 3rd tries for Home, SAFE, no throw or cutoff
Batting: LHB Bill Frazier 0-0: Foul Ball, location: 2F
0-1: Ground out 3-1 (Groundball, 34)
Top of the 3rd over - 4 run(s), 3 hit(s), 0 error(s), 2 left on base; Lee's Summit 6 - Bemidji 0
BOTTOM OF THE 3RD
Bemidji Benders batting - Pitching for Lee's Summit Tigers : RHP Jeff Valdés
Batting: RHB Roberto Solís 0-0: SINGLE (Line Drive, 89S)
Batting: RHB Bob Carr 0-0: Ball
1-0: Fly out, F6 (Popup, 6M)
Batting: RHB Juan Costello 0-0: Called Strike
0-1: Swinging Strike
0-2: Foul Ball, location: 2F
0-2: Ball
1-2: Fielders Choice at 2nd, 6-4 (Groundball, 6)
Batting: RHB Jesse Nelson 0-0: Fly out, F8 (Line Drive, 8LS)
Bottom of the 3rd over - 0 run(s), 1 hit(s), 0 error(s), 1 left on base; Lee's Summit 6 - Bemidji 0
TOP OF THE 4TH
Lee's Summit Tigers batting - Pitching for Bemidji Benders : RHP David Nanod
Batting: RHB Norberto Taváres 0-0: Ball
1-0: Called Strike
1-1: Ball
2-1: Foul Ball, location: 2F
2-2: Foul Ball, location: 2F
2-2: Foul Ball, location: 2F
2-2: Ground out 4-3 (Groundball, 34)
Pitching: LHP José Travez
Batting: RHB Desi Thompson 0-0: SINGLE (Line Drive, 8LS)
Batting: LHB Alfredo Sánchez 0-0: Called Strike
0-1: Foul Ball, location: 2F
0-2: Fly out, F8 (Flyball, 8RXD)
Batting: RHB Ed Watkins 0-0: Ball
1-0: Ball
2-0: Ground out 6-3 (Groundball, 56)
Top of the 4th over - 0 run(s), 1 hit(s), 0 error(s), 1 left on base; Lee's Summit 6 - Bemidji 0
BOTTOM OF THE 4TH
Bemidji Benders batting - Pitching for Lee's Summit Tigers : RHP Jeff Valdés
Batting: SHB Bob Noble 0-0: Ball
1-0: Swinging Strike
1-1: Ball
2-1: Swinging Strike
2-2: Foul Ball, location: 2F
2-2: Foul Ball, location: 2F
2-2: Ball
3-2: Base on Balls
Batting: RHB Júlio Valdés 0-0: Called Strike
0-1: Ball
1-1: Fly out, F7 (Line Drive, 7M)
Batting: LHB Tony O'Bryan 0-0: Fielders Choice at 2nd, 3-6 (Groundball, 3)
Batting: LHB Jesús Raugel 0-0: Called Strike
0-1: Ground out U3 (Groundball, 3S)
Bottom of the 4th over - 0 run(s), 0 hit(s), 0 error(s), 1 left on base; Lee's Summit 6 - Bemidji 0
TOP OF THE 5TH
Lee's Summit Tigers batting - Pitching for Bemidji Benders : LHP José Travez
Batting: SHB Shane Hutchinson 0-0: Swinging Strike
0-1: Ball
1-1: Swinging Strike
1-2: Strikes out swinging
Batting: LHB José López 0-0: Ball
1-0: Ball
2-0: Ball
3-0: Base on Balls
Batting: RHB Sidney Ware 0-0: Ball
1-0: Foul Ball, location: 2F
1-1: Grounds into double play, 6-4-3 (Groundball, 6)
Top of the 5th over - 0 run(s), 0 hit(s), 0 error(s), 0 left on base; Lee's Summit 6 - Bemidji 0
BOTTOM OF THE 5TH
Bemidji Benders batting - Pitching for Lee's Summit Tigers : RHP Jeff Valdés
Batting: RHB Gabriel Stout 0-0: Ball
1-0: Foul Ball, location: 2F
1-1: Ground out 4-3 (Groundball, 4)
Batting: RHB Roberto Solís 0-0: Called Strike
0-1: Ball
1-1: Ball
2-1: Ball
3-1: SINGLE (Line Drive, 7LS)
Batting: RHB Bob Carr 0-0: Swinging Strike
0-1: Fielders Choice at 2nd, 1-4 (Groundball, 13)
Batting: RHB Juan Costello 0-0: Ball
1-0: Foul Ball, location: 2F
1-1: Ball
2-1: Ball
3-1: Called Strike
3-2: Foul Ball, location: 2F
3-2: Ground out U3 (Groundball, 3S)
Bottom of the 5th over - 0 run(s), 1 hit(s), 0 error(s), 1 left on base; Lee's Summit 6 - Bemidji 0
TOP OF THE 6TH
Lee's Summit Tigers batting - Pitching for Bemidji Benders : LHP José Travez
Batting: LHB Ramiro Martínez 0-0: Fly out, F8 (Flyball, 8LD)
Batting: LHB Bill Frazier 0-0: Fly out, F8 (Flyball, 8LD)
Batting: RHB Norberto Taváres 0-0: Ball
1-0: Ball
2-0: Ball
3-0: Base on Balls
Batting: RHB Desi Thompson 0-0: Called Strike
Norberto Taváres is caught stealing 2nd base
Top of the 6th over - 0 run(s), 0 hit(s), 0 error(s), 0 left on base; Lee's Summit 6 - Bemidji 0
BOTTOM OF THE 6TH
Bemidji Benders batting - Pitching for Lee's Summit Tigers : RHP Jeff Valdés
Batting: RHB Jesse Nelson 0-0: Ball
1-0: Foul Ball, location: 2F
1-1: SINGLE (Groundball, 4MD)
Batting: SHB Bob Noble 0-0: Fielders Choice at 2nd, 6-4 (Groundball, 6)
Batting: RHB Júlio Valdés 0-0: Called Strike
0-1: Foul Ball, location: 2F
0-2: Ball
1-2: Foul Ball, location: 2F
1-2: Foul Ball, location: 2F
1-2: Ball
2-2: SINGLE (Line Drive, 8LS)
Bob Noble to second
Batting: LHB Tony O'Bryan 0-0: Ball
1-0: Foul Ball, location: 2F
1-1: Called Strike
1-2: SINGLE (Line Drive, 4D)
Bob Noble to third
Júlio Valdés to second
Runner from 3rd tries for Home, SAFE, no throw or cutoff
Batting: LHB Jesús Raugel 0-0: Called Strike
0-1: Called Strike
0-2: Fielders Choice at 2nd, 4-6 (Groundball, 34)
Júlio Valdés to third
Batting: RHB Gabriel Stout 0-0: Foul Ball, location: 2F
0-1: Fly out, F8 (Flyball, 78M)
Bottom of the 6th over - 1 run(s), 3 hit(s), 0 error(s), 2 left on base; Lee's Summit 6 - Bemidji 1
TOP OF THE 7TH
Lee's Summit Tigers batting - Pitching for Bemidji Benders : LHP José Travez
Pitching: RHP Ambrose Palmer
Batting: RHB Desi Thompson 0-0: Called Strike
0-1: Ball
1-1: SINGLE (Groundball, 4MD)
Batting: LHB Alfredo Sánchez 0-0: Ball
1-0: Foul Ball, location: 2F
1-1: Foul Ball, location: 2F
1-2: Ball
2-2: SINGLE (Groundball, 5D)
Desi Thompson to second
Batting: RHB Ed Watkins 0-0: Bunted foul
0-1: Sac Bunt - play at first, batter OUT! 1-4
Desi Thompson to third
Alfredo Sánchez to second
Batting: SHB Shane Hutchinson 0-0: Hit by Pitch
Batting: LHB José López 0-0: Swinging Strike
0-1: Foul Ball, location: 2F
0-2: Foul Ball, location: 2F
0-2: Ball
1-2: Strikes out swinging
Batting: RHB Sidney Ware 0-0: Ball
1-0: Swinging Strike
1-1: Ball
2-1: Fly out, F4 (Popup, 4MD)
Top of the 7th over - 0 run(s), 2 hit(s), 0 error(s), 3 left on base; Lee's Summit 6 - Bemidji 1
BOTTOM OF THE 7TH
Bemidji Benders batting - Pitching for Lee's Summit Tigers : RHP Jeff Valdés
Batting: RHB Roberto Solís 0-0: Foul Ball, location: 2F
0-1: Ball
1-1: SINGLE (Line Drive, 9LM)
Pitching: LHP Fred Villa
Batting: RHB Bob Carr 0-0: Called Strike
0-1: Ball
1-1: Ball
2-1: Foul Ball, location: 2F
2-2: Ball
3-2: Strikes out swinging
Batting: RHB Juan Costello 0-0: SINGLE (Flyball, 8LS)
Roberto Solís to second
Batting: RHB Jesse Nelson 0-0: Swinging Strike
0-1: Ball
1-1: Grounds into double play, 6-4-3 (Groundball, 6)
Bottom of the 7th over - 0 run(s), 2 hit(s), 0 error(s), 1 left on base; Lee's Summit 6 - Bemidji 1
TOP OF THE 8TH
Lee's Summit Tigers batting - Pitching for Bemidji Benders : RHP Ambrose Palmer
Batting: LHB Ramiro Martínez 0-0: Ball
1-0: Called Strike
1-1: Ball
2-1: Foul Ball, location: 2F
2-2: Ball
3-2: Foul Ball, location: 2F
3-2: Strikes out swinging
Batting: LHB Bill Frazier 0-0: Swinging Strike
0-1: Ground out 4-3 (Groundball, 4M)
Batting: RHB Norberto Taváres 0-0: Called Strike
0-1: Foul Ball, location: 2F
0-2: Ball
1-2: Ball
2-2: Ball
3-2: Base on Balls
Batting: RHB Desi Thompson 0-0: Called Strike
0-1: Ball
1-1: Foul Ball, location: 2F
1-2: Ball
Norberto Taváres is caught stealing 2nd base
Top of the 8th over - 0 run(s), 0 hit(s), 0 error(s), 0 left on base; Lee's Summit 6 - Bemidji 1
BOTTOM OF THE 8TH
Bemidji Benders batting - Pitching for Lee's Summit Tigers : LHP Fred Villa
Batting: SHB Bob Noble 0-0: Ball
1-0: Fly out, F7 (Flyball, 78D)
Batting: RHB Júlio Valdés 0-0: Ball
1-0: Called Strike
1-1: Foul Ball, location: 2F
1-2: Ball
2-2: Strikes out swinging
Batting: LHB Tony O'Bryan 0-0: Called Strike
0-1: Foul Ball, location: 2F
0-2: Foul Ball, location: 2F
0-2: Ground out 4-3 (Groundball, 4)
Bottom of the 8th over - 0 run(s), 0 hit(s), 0 error(s), 0 left on base; Lee's Summit 6 - Bemidji 1
TOP OF THE 9TH
Lee's Summit Tigers batting - Pitching for Bemidji Benders : RHP Ambrose Palmer
Pitching: RHP César Ocampo
Batting: RHB Desi Thompson 0-0: Called Strike
0-1: Swinging Strike
0-2: DOUBLE (Flyball, 9D)
Batting: LHB Alfredo Sánchez 0-0: Ball
1-0: Swinging Strike
1-1: Ball
2-1: Foul Ball, location: 2F
2-2: Strikes out swinging
Batting: RHB Ed Watkins 0-0: Called Strike
0-1: SINGLE (Groundball, 56D)
Desi Thompson to third
Runner from 3rd tries for Home, SAFE, no throw or cutoff
Batting: SHB Shane Hutchinson 0-0: Foul Ball, location: 2F
0-1: Ball
1-1: Ball
2-1: Ball
3-1: Base on Balls
Ed Watkins to second
Batting: LHB José López 0-0: Hit by Pitch
Ed Watkins to third
Shane Hutchinson to second
Batting: RHB Sidney Ware 0-0: Ball
1-0: Ball
2-0: Fly out, F7 (Flyball, 7M)
Runner from 3rd tags up, SCORES, no throw
Batting: LHB Ramiro Martínez 0-0: Called Strike
0-1: Ball
1-1: SINGLE (Line Drive, 6MD)
Shane Hutchinson to third
José López to second
Runner from 3rd tries for Home, SAFE, no throw or cutoff
Batting: LHB Bill Frazier 0-0: Ball
1-0: Fly out, F8 (Line Drive, 8LM)
Top of the 9th over - 3 run(s), 3 hit(s), 0 error(s), 2 left on base; Lee's Summit 9 - Bemidji 1
BOTTOM OF THE 9TH
Bemidji Benders batting - Pitching for Lee's Summit Tigers : LHP Fred Villa
Now at 3B: James Stevens
Now at SS: Gilberto Ferrer
Batting: LHB Jesús Raugel 0-0: Swinging Strike
0-1: Called Strike
0-2: Ball
1-2: Strikes out swinging
Batting: RHB Gabriel Stout 0-0: Ball
1-0: Ground out 4-3 (Groundball, 4MS)
Batting: RHB Roberto Solís 0-0: Ball
1-0: Foul Ball, location: 2F
1-1: SINGLE (Line Drive, 7LS)
Batting: RHB Bob Carr 0-0: Called Strike
0-1: Ground out 5-3 (Groundball, 5)
Bottom of the 9th over - 0 run(s), 1 hit(s), 0 error(s), 1 left on base; Lee's Summit 9 - Bemidji 1
This league is powered by Out of the Park Baseball, the baseball management simulation game for PC, Mac and Linux
Saturday, April 9th, 2016 - OOTP Baseball 16.8 Build 38